AoeStats
← Platypus

Nomad

510320242Analyzed
4v4 RM · 2d ago on Sep 30, 2026· 25m 47s· 8 players
Game mode
Random Map
Map size
231×231
Population
200
Speed
Normal
Resources
Standard
Victory
Conquest
Starting age
Dark Age
Ending age
Imperial Age
RankedLock teamsTeams togetherTeam positionsShared explorationLock speedFull tech treeHidden civsTurbo modeCheats
Victory
Defeat
🇨🇳 Spanish · China
1853
+8
🇨🇳 Saxons · China
1817
+10
🇨🇳 Danes · China
1764
+12
🇨🇳 Varangians · China
1509
+22
🇨🇳 Danes · China
1770
-17
🇧🇷 Varangians · Brazil
1741
-16
🇨🇳 Armenians · China
1584
-10
🇨🇳 Italians · China
1562
-9
GuneR
5:35 Loom
11:57 Feudal Age
13:06 Town Watch
16:53 Castle Age
16:03 Double-Bit Axe
18:12 Bow Saw
18:26 Horse Collar
Platypus
4:50 Loom
14:29 Feudal Age
19:12 Castle Age
16:41 Man-at-Arms
17:44 Double-Bit Axe
17:33 Long Swordsman
19:13 Scale Mail Armor
21:01 Two-Handed Swordsman
22:31 Squires
mongo
4:44 Loom
12:24 Feudal Age
16:11 Castle Age
14:34 Double-Bit Axe
20:16 Fletching
21:39 Ballistics
24:48 Bodkin Arrow
断刀客
9:55 Loom
12:14 Feudal Age
16:10 Fletching
18:56 Gold Mining
23:45 Castle Age
24:00 Double-Bit Axe
24:09 Crossbowman
DZT_白霜魔头
8:35 Loom
12:10 Feudal Age
16:27 Fletching
19:46 Wheelbarrow
19:18 Padded Archer Armor
21:25 Double-Bit Axe
25:12 Fishing Lines
27:38 Castle Age
甘城猫猫
4:52 Loom
14:02 Feudal Age
15:04 Double-Bit Axe
17:49 Castle Age
18:16 Wheelbarrow
17:27 Fishing Lines
19:02 Medium Warships
18:43 Gillnets
20:40 Medium Warships
22:20 Bow Saw
24:41 Horse Collar
26:07 Gold Mining
26:07 Stone Mining
qingchen3457
3:59 Loom
15:14 Feudal Age
15:56 Double-Bit Axe
16:12 Town Watch
18:43 Castle Age
19:07 Padded Archer Armor
20:53 Leather Archer Armor
冥想控
5:15 Loom
13:51 Feudal Age
17:36 Castle Age
16:18 Fletching
16:28 Double-Bit Axe
18:13 Bodkin Arrow
22:15 Padded Archer Armor
24:37 Bloodlines
Connection lost

Rejoining the realm…

Still unreachable

The connection could not be restored.

Session expired

The server has moved on; the page needs a fresh start.